 Dungeon Crawl Stone Soup version 0.14-a0-1811-gdc2d5af (webtiles) character file.

417 Mitsuki the Sneak (level 5, -7/24 HPs)
             Began as a Spriggan Enchanter on Jan 8, 2014.
             Killed by triggering a spear trap (22 damage)
             ... in an ossuary.
             The game lasted 00:25:06 (4512 turns).

Mitsuki the Sneak (Spriggan Enchanter)              Turns: 4512, Time: 00:25:06

HP  -7/24        AC  3     Str  5      XL: 5   Next: 75%
MP   8/17        EV 18     Int 16      God:
Gold 183         SH 14     Dex 21      Spells:  3 memorised,  5 levels left

rFire  . . .     SeeInvis +     a - +1 dagger
rCold  . . .     Clarity  .     b - +1 robe
rNeg   . . .     Conserve .     j - +0 buckler
rPois  .         rCorr    .     (helmet restricted)
rElec  .         rRot     .     (no cloak)
SustAb . .       Spirit   .     (gloves unavailable)
rMut   .         Warding  .     (boots unavailable)
Saprov . . .     Stasis   .     (no amulet)
                                o - ring of flight
                                h - +4 ring of dexterity

@: very quick, somewhat resistant to hostile enchantments, quite stealthy
A: unfitting armour, see invisible, herbivore 3, speed 3, slow metabolism 2
a: Evoke Flight


You were in an ossuary.
You were hungry.

You visited 1 branch of the dungeon, and saw 4 of its levels.
You also visited: Ossuary.

You collected 183 gold pieces.

Inventory:

Hand weapons
 a - a +1,+1 dagger (weapon)
Missiles
 d - 12 darts (quivered)
Armour
 b - a +1 robe (worn)
 j - a +0 buckler (worn)
Comestibles
 t - 3 bread rations
Scrolls
 e - a scroll of recharging {unknown}
 g - a scroll of enchant weapon I {unknown}
 k - a scroll of blinking {unknown}
 l - 3 scrolls of identify {unknown}
 m - a scroll of fog {unknown}
 n - 3 scrolls of remove curse {unknown}
 q - a scroll of curse armour {unknown}
 r - 3 scrolls of amnesia {unknown}
 v - 2 scrolls of magic mapping {unknown}
 w - 3 scrolls of teleportation {unknown}
 x - 2 scrolls of curse weapon {unknown}
 y - a scroll of enchant weapon III {unknown}
Jewellery
 h - a +4 ring of dexterity (left hand)
 o - a ring of flight (right hand)
Potions
 f - a potion of mutation {unknown}
 i - a potion of restore abilities
 p - 2 potions of confusion {unknown}
 s - 2 potions of heal wounds
Books
 c - a book of Maledictions

   Spells                             Type                      Level
   *Corona                            Hexes                        1
   Sure Blade                         Hexes/Charms                 2
   *Ensorcelled Hibernation           Hexes/Ice                    2
   *Confuse                           Hexes                        3
   Enslavement                        Hexes                        4
   Invisibility                       Hexes                        6
 u - a book of the Warp

   Spells                             Type                      Level
   Recall                             Summoning/Translocation      3
   Control Teleport                   Charms/Translocation         4
   Phase Shift                        Translocation                5
   Warp Weapon                        Charms/Translocation         5
   Dispersal                          Translocation                6
   Controlled Blink                   Translocation                7
   Disjunction                        Translocation                8


   Skills:
 + Level 2.9 Short Blades
 - Level 1.1 Throwing
 - Level 3.0 Dodging
 * Level 5.3 Stealth
 * Level 1.8 Shields
 + Level 3.9 Spellcasting
 + Level 4.4 Hexes


You had 5 spell levels left.
You knew the following spells:

 Your Spells              Type           Power        Failure   Level  Hunger
a - Corona                Hex            ###....      3%          1    None
b - Ensorcelled Hibernat  Hex/Ice        ##....       12%         2    ##.....
c - Confuse               Hex            ###.....     12%         3    ###....


Dungeon Overview and Level Annotations

Branches:
Dungeon (4/16)
 Temple: D:4-7

Altars:
Sif Muna
Xom

Shops:
D:4 ?


Innate Abilities, Weirdness & Mutations

You are tiny and cannot use many weapons and most armour.
You have supernaturally acute eyesight.
You are a herbivore.
You cover ground extremely quickly.
You need consume almost no food.


Message History

A poisoned needle misses the human zombie!
There is an open door here.
A poisoned needle hits the mummy!
You found an arrow trap!
You open the door.
There is an open door here.
w - 3 scrolls labeled GRYPLA KLAMY (gained 2)
x - 2 scrolls labeled GEOBBU DAVUFASK
There are no items here.
You see here a scroll labeled RYEQUE NULEEN.
y - a scroll labeled RYEQUE NULEEN You see here 2 scrolls labeled FINKEC UNGOS.
r - 3 scrolls labeled FINKEC UNGOS (gained 2)
There is an open door here.
Unknown command.
There is a gate leading back out of here here.
You found a spear trap!
A spear shoots out and hits you!
Ouch! That really hurt!
You die...

#####################
#..#...........∩.....
#..#^................
#'##@........#####...
#....................
#....................
#.....##.............
#.....##.............
#....................
#..#.................
#..##.......z..∩.....
#∩M##..........∩.....


There were no monsters in sight!

Vanquished Creatures
  An elf zombie (Ossuary)
  A human zombie (Ossuary)
  A hound skeleton (D:4)
  2 gnolls
  2 adders (D:2)
  2 worms
  A giant mite (D:1)
  3 giant geckos
  3 oozes
  5 orcs (D:3)
  6 bats
  2 gnoll zombies (Ossuary)
  10 hobgoblins
  4 jackals (D:2)
  6 kobolds
  A ball python (D:2)
  2 giant cockroaches
  A giant newt (D:3)
  9 goblins
  A goblin zombie (Ossuary)
  A hobgoblin zombie (Ossuary)
  A jackal zombie (Ossuary)
  A kobold zombie (Ossuary)
  An orc zombie (Ossuary)
  4 rats
  A rat zombie (Ossuary)
72 creatures vanquished.

Notes
Turn   | Place    | Note
--------------------------------------------------------------
     0 | D:1      | Mitsuki, the Spriggan Enchanter, began the quest for the Orb.
     0 | D:1      | Reached XP level 1. HP: 9/9 MP: 4/4
   412 | D:1      | Reached XP level 2. HP: 5/13 MP: 7/7
   660 | D:1      | Learned a level 2 spell: Ensorcelled Hibernation
   848 | D:1      | Reached XP level 3. HP: 7/16 MP: 6/11
  1023 | D:1      | Learned a level 3 spell: Confuse
  1505 | D:2      | Reached skill level 4 in Stealth
  2134 | D:2      | Reached skill level 1 in Shields
  2137 | D:2      | Reached XP level 4. HP: 21/21 MP: 5/13
  2880 | D:3      | Found a shimmering altar of Xom.
  3628 | D:3      | Found a deep blue altar of Sif Muna.
  3719 | D:4      | Reached XP level 5. HP: 16/24 MP: 6/17
  3723 | D:4      | Found a sand-covered staircase.
  3825 | D:4      | Found Salungal's Magic Scroll Shoppe.
  3858 | Ossuary  | Entered an ossuary
  3935 | Ossuary  | Paralysed by a potion of paralysis for 2 turns
  4298 | Ossuary  | Reached skill level 5 in Stealth
  4512 | Ossuary  | Killed by triggering a spear trap

Action                   |  1- 3 |  4- 6 || total
-------------------------+-------+-------++-------
Melee: Dagger            |   131 |   218 ||   349
 Cast: Ensorcelled Hiber |    18 |    27 ||    45
       Confuse           |     4 |    22 ||    26
  Use: Potion            |       |     5 ||     5
 Stab: Sleeping          |    13 |    22 ||    35
       Confused          |       |     5 ||     5
